 Dungeon Crawl Stone Soup version 0.27-a0-1136-g0b992a5a9d (webtiles) character file.

Game seed: 5582001660922896477

43 pokeman the Magician (level 3, -1/20 HPs)
             Began as a Deep Elf Hedge Wizard on May 4, 2021.
             Slain by a hound (5 damage)
             ... on level 2 of the Dungeon.
             The game lasted 00:02:38 (1489 turns).

pokeman the Magician (Deep Elf Hedge Wizard)        Turns: 1489, Time: 00:02:38

Health: -1/20      AC:  2    Str:  7    XL:     3   Next: 37%
Magic:  5/11       EV: 12    Int: 19    God:
Gold:   45         SH:  0    Dex: 14    Spells: 1/12 levels left

rFire    . . .     SeeInvis .   d - staff of earth
rCold    . . .     Faith    .   (no shield)
rNeg     . . .     Spirit   .   b - +0 robe
rPois    .         Reflect  .   c - +0 hat
rElec    .         Harm     .   (no cloak)
rCorr    .         Rampage  .   (no gloves)
Will     .....                  (no boots)
Stlth    ++........             j - amulet of magic regeneration
HPRegen  0.06/turn              (no ring)
MPRegen  0.37/turn              (no ring)

@: very slightly contaminated
A: no striking features
a: no special abilities


You were on level 2 of the Dungeon.
You visited 1 branch of the dungeon, and saw 2 of its levels.

You collected 45 gold pieces.

Inventory:

Missiles
 f - 49 arrows
Armour
 b - a +0 robe (worn)
 c - a +0 hat (worn)
Magical Staves
 d - a staff of earth (weapon)
Jewellery
 j - an amulet of magic regeneration (around neck)
Scrolls
 e - 2 scrolls of enchant weapon {unknown}
 i - a scroll of identify {unknown}
Potions
 a - 2 potions of curing {unknown}
 g - a potion of might {unknown}
 h - 2 potions of degeneration {unknown}
 k - a potion of brilliance {unknown}
 l - 2 potions of invisibility {unknown}


   Skills:
 + Level 0.9 Fighting
 + Level 0.9 Armour
 - Level 2.4 Dodging
 - Level 2.4 Stealth
 * Level 5.2 Spellcasting
 + Level 1.8 Conjurations
 - Level 1.1 Summonings
 - Level 1.1 Translocations


You had one spell level left.
You knew the following spells:

 Your Spells              Type           Power      Damage    Failure   Level
a - Magic Dart            Conj           48%        1d5       5%          1
b - Mephitic Cloud        Conj/Pois/Air  7%         N/A       28%         3
c - Call Imp              Summ           9%         N/A       12%         2
d - Blink                 Tloc           N/A        N/A       12%         2
e - Conjure Flame         Conj/Fire      8%         6-21      24%         3

Your spell library contained the following spells:

 Spells                   Type           Power      Damage    Failure   Level
 Slow                     Hex            4%         N/A       19%         2


Dungeon Overview and Level Annotations

Branches:
Dungeon (2/15)

Altars:

Shops:
D:1 !


Message History

Aiming: Magic Dart (safe; 5% risk of failure)
Press: ? - help, Shift-Dir - straight line, f/p - hound
Aim: a hound (100% to hit)
The magic dart hits the hound.
The hound is lightly wounded.
Casting: Magic Dart (safe; 5% risk of failure)
Confirm with . or Enter, or press ? or * to list all spells.
Aiming: Magic Dart (safe; 5% risk of failure)
Press: ? - help, Shift-Dir - straight line, f/p - hound
Aim: a hound (lightly wounded, 100% to hit)
The magic dart hits the hound but does no damage.
The hound is lightly wounded.
The hound misses you.
Casting: Magic Dart (safe; 5% risk of failure)
Confirm with . or Enter, or press ? or * to list all spells.
Aiming: Magic Dart (safe; 5% risk of failure)
Press: ? - help, Shift-Dir - straight line, f/p - hound
Aim: a hound (lightly wounded, 100% to hit)
The magic dart hits the hound.
The hound is moderately wounded.
The hound bites you. x2
Casting: Magic Dart (safe; 5% risk of failure)
Confirm with . or Enter, or press ? or * to list all spells.
Aiming: Magic Dart (safe; 5% risk of failure)
Press: ? - help, Shift-Dir - straight line, f/p - hound
Aim: a hound (moderately wounded, 100% to hit)
The magic dart hits the hound.
The hound is heavily wounded.
The hound bites you.
Casting: Magic Dart (safe; 5% risk of failure)
Confirm with . or Enter, or press ? or * to list all spells.
Aiming: Magic Dart (safe; 5% risk of failure)
Press: ? - help, Shift-Dir - straight line, f/p - hound
Aim: a hound (heavily wounded, 100% to hit)
The magic dart hits the hound.
The hound is heavily wounded.
The hound bites you.
* * * LOW HITPOINT WARNING * * *
The hound bites you.
You die...

#.# #.#> +... #.#
#.# #... #.# ..#
#... #.# #### #.#
#... #.# #... #.#
#...
##.##############.
#...
#.........@h......
+...
##################
#... +... ###...
...... ..#### # #
#


You could see a hound.

Vanquished Creatures
  An adder (D:2)
  A dart slug (D:2)
  6 ball pythons
  4 endoplasms (D:1)
  A giant cockroach (D:2)
  4 goblins
  4 hobgoblins
  2 bats
  3 kobolds
  4 rats (D:1)
30 creatures vanquished.

Notes
Turn   | Place    | Note
-------+----------+-------------------------------------------
     0 | D:1      | pokeman the Deep Elf Hedge Wizard began the quest for the
                  | Orb.
     0 | D:1      | Reached XP level 1. HP: 10/10 MP: 7/7
   225 | D:1      | Found a faded altar of an unknown god.
   309 | D:1      | Reached XP level 2. HP: 16/16 MP: 6/9
   866 | D:1      | Reached skill level 5 in Spellcasting
   894 | D:1      | Found Awkazipa's Distillery.
  1309 | D:2      | Reached XP level 3. HP: 15/20 MP: 2/11
  1397 | D:2      | Learned a level 3 spell: Mephitic Cloud
  1400 | D:2      | Learned a level 2 spell: Call Imp
  1403 | D:2      | Learned a level 2 spell: Blink
  1407 | D:2      | Learned a level 3 spell: Conjure Flame
  1489 | D:2      | Slain by a hound

Illustrated notes

Levels and vault maps discovered:
D:1:      doesnt_arrival_eight_statues, layout_loops_ring, serial_shops, shop,
          ebering_ecumenical_altar_mist
D:2:      layout_basic, serial_shops, shop_statue

Skill      XL: |  1  2 |
---------------+-------+-----
Spellcasting   | 5 |  5.2
Fighting       | |  0.9
Armour         | |  0.9
Dodging        | |  2.4
Stealth        | |  2.4
Conjurations   | |  1.8
Summonings     | |  1.1
Translocations | |  1.1

Action                   || total
-------------------------++-------
Melee: Staff             ||     6
 Cast: Magic Dart        ||    75
Armor: Robe              ||     1
Dodge: Dodged            ||     6

Table legend: (Time is in decaauts)
 A = Elapsed time spent in this place.
 B = Non-inter-level travel time spent in this place.
 C = Inter-level travel time spent in this place.
 D = Time resting spent in this place.
 E = Time spent auto-exploring this place.
 F = Levels seen in this place.
 G = Mean time per level.
                   A        B        C        D        E       F      G
               +--------+--------+--------+--------+--------+-----+--------+
         Total |   1489 |   1447 |     42 |      0 |   1284 |   2 |  744.5 |
       Dungeon |   1489 |   1447 |     42 |      0 |   1284 |   2 |  744.5 |
               +--------+--------+--------+--------+--------+-----+--------+

Top non-repeatable levels by time:
     D:1: 1184 daAuts
     D:2: 305 daAuts
